 Dungeon Sprint DCSS version 0.25.1-2-g60ff931df9 (console) character file.

Game seed: 11652756021864729200

14914 Theed the Warrior (level 12, 0/111 HPs)
             Began as a Barachi Fighter on Oct 18, 2020.
             Was the Champion of Cheibriados.
             Killed from afar by an ice dragon (29 damage)
             ... with a blast of cold
             ... in the Dungeon (Sprint IX: "|||||||||||||||||||||||||||||").
             The game lasted 00:11:31 (2444 turns).

Theed the Warrior (Barachi Fighter)                 Turns: 2444, Time: 00:11:31

Health: 0/111      AC: 22    Str: 34    XL:     12   Next: 21%
Magic:  9/18       EV: 22    Int: 23    God:    Cheibriados [******]
Gold:   10         SH: 25    Dex: 34    Spells: 11/11 levels left

rFire    . . .     SeeInvis .   p - +2 scimitar (flame)
rCold    . . .     Gourm    .   G - +1 tower shield
rNeg     . . .     Faith    .   E - +0 storm dragon scales
rPois    +         Spirit   .   D - +1 helmet
rElec    +         Reflect  .   r - +0 cloak
rCorr    .         Harm     .   (no gloves)
MR       .....     NoTele   +   y - +0 pair of boots
Stlth    ..........             (no amulet)
HPRegen  0.28/turn              b - +3 ring of dexterity
MPRegen  0.16/turn              j - ring of poison resistance

@: very slow
A: +LOS, swims, slowness 1, strong legs 1
a: Hop, Bend Time, Temporal Distortion, Slouch, Step From Time, Renounce
Religion


You were in the Dungeon.
You worshipped Cheibriados.
Cheibriados was exalted by your worship.
You were not hungry.

You visited 1 branch You collected 1900 gold pieces.
You spent 1890 gold pieces at shops.

Inventory:

Hand Weapons
 p - a +2 scimitar of flaming (weapon)
Armour
 r - a +0 cloak (worn)
 y - a +0 pair of boots (worn)
 D - a +1 helmet (worn)
 E - +0 storm dragon scales (worn)
 G - a +1 tower shield (worn)
Jewellery
 b - a +3 ring of dexterity (left hand)
 g - an uncursed ring of fire
 j - a ring of poison resistance (right hand)
 t - a +3 ring of intelligence
 A - an uncursed ring of ice
 B - an uncursed ring of protection from magic
Wands
 o - a wand of acid (10)
Scrolls
 k - 4 scrolls of blinking
 m - 4 scrolls of remove curse
 n - 2 scrolls of amnesia
 w - 2 scrolls of identify
 x - a scroll of fear
 I - 2 scrolls of fog
Potions
 d - a potion of might
 e - 2 potions of curing
 h - a potion of haste
 i - 4 potions of magic
 l - a potion of stabbing
 u - a potion of resistance
 v - a potion of mutation
 H - 3 potions of heal wounds
Comestibles
 f - 43 rations


   Skills:
 + Level 15.9 Fighting
 + Level 15.7 Long Blades
 + Level 14.8 Armour
 + Level 13.2 Dodging
 + Level 14.8 Shields
 + Level 8.6 Invocations


You had 11 spell levels left.
You didn't know any spells.
Your spell library contained the following spells:

 Spells                   Type           Power        Failure   Level  Hunger
 Shroud of Golubria       Chrm/Tloc      #.....       94%         2    ###....
 Swiftness                Chrm/Air       #.......     94%         2    ###....
 Ozocubu's Armour         Chrm/Ice       #.......     99%         3    ####...
 Excruciating Wounds      Chrm/Necr      #.........   100%        5    ######.
 Iskenderun's Battlesphe  Conj/Chrm      #.......     100%        5    ######.


Dungeon Overview and Level Annotations

Branches:
Dungeon (1/1)

Altars:
Cheibriados
Dithmenos
Elyvilon
Fedhas
Gozag
Hepliaklqana
Kikubaaqudgha
Makhleb
Nemelex Xobeh
Okawaru
Qazlal
Ru
Sif Muna
Trog
Uskayaw
Vehumet
Wu Jian
Xom
Yredelemnul
Zin
The Shining One
Beogh
Jiyva
Lugonu

Shops:
D [(


Innate Abilities, Weirdness & Mutations

You can be seen from farther away. (+LOS)
You can swim through water.
You cover ground slowly.
You can hop short distances.


Message History

The yaktaur is severely wounded.
A yaktaur captain comes into view.
The yaktaur captain shouts!
You slash the yaktaur! You burn the yaktaur.
The yaktaur is almost dead.
You block the yaktaur's attack.
A centaur warrior comes into view.
Your storm dragon scales prevents you from hitting the yaktaur.
The yaktaur is almost dead.
The centaur warrior shouts!
You block the yaktaur's attack.
You hit the yaktaur. You burn the yaktaur.
You kill the yaktaur!
Cheibriados appreciates the change of pace.
You block the ice dragon's attack. The ice dragon claws you!
* * * LOW HITPOINT WARNING * * *
You block the ice dragon's attack. The ice dragon breathes frost at you.
The blast of cold hits you!!
You die...

▓▓▓▓▓▓▓▓▓▓▓▓▓▓▓▓▓▓▓▓▓▓▓▓▓
......!..)..')).@DJRcc...
▓▓▓▓▓▓▓▓▓▓▓▓▓▓▓▓▓▓▓▓▓▓▓▓▓▓▓▓▓▓▓▓▓
.................................
▓▓▓▓▓▓▓▓▓▓▓▓▓▓▓▓▓▓▓▓▓▓▓▓▓▓▓▓▓▓▓▓▓
))........))).).∩)).∩.∩.....'....
▓▓▓▓▓▓▓▓▓▓▓▓▓▓▓▓▓▓▓▓▓▓▓▓▓▓▓▓▓▓▓▓▓
.................................
▓▓▓▓▓▓▓▓▓▓▓▓▓▓▓▓▓▓▓▓▓▓▓▓▓▓▓▓▓▓▓▓▓
.÷.........÷÷.......().('..[[.[..
▓▓▓▓▓▓▓▓▓▓▓▓▓▓▓▓▓▓▓▓▓▓▓▓▓▓▓▓▓▓▓▓▓
.................................


You could see an ice dragon (catching breath), a yaktaur captain, a rakshasa, a
slime creature and a centaur warrior.

Vanquished Creatures
  A stone giant (D)
  A catoblepas (D)
  A death knight (D)
  2 centaur warriors (D)
  A deep troll shaman (D)
  3 death yaks (D)
  6 orc sorcerers (D)
  An elephant (D)
  A black mamba (D)
  2 spiny frogs (D)
  A yaktaur (D)
  A komodo dragon (D)
  A rime drake (D)
  A troll (D)
  2 blink frogs (D)
  A hippogriff (D)
  A slime creature (D)
  5 yaks (D)
  A wraith (D)
  A basilisk (D)
  2 vampire mosquitoes (D)
  2 porcupines (D)
  A water moccasin (D)
  An ice beast (D)
  12 orc warriors (D)
  A necrophage (D)
  A centaur (D)
  A crocodile (D)
  3 bullfrogs (D)
  A hound (D)
  2 jellies (D)
  3 orc priests (D)
  11 orc wizards (D)
  2 adders (D)
  2 shadow imps (D)
  A leopard gecko (D)
  8 orcs (D)
  2 frilled lizards (D)
  A giant cockroach zombie (D)
  3 kobolds (D)
  A leopard gecko zombie (D)
  A rat (D)
96 creatures vanquished.

Notes
Turn   | Place    | Note
-------+----------+-------------------------------------------
     0 | D        | Theed the Barachi Fighter began the quest for the Orb.
     0 | D        | Reached XP level 1. HP: 18/18 MP: 1/1
    43 | D        | Noticed a hound
    43 | D        | Noticed a centaur
    43 | D        | Noticed an orc wizard
    50 | D        | Killed a hound
    50 | D        | Reached skill level 5 in Fighting
    50 | D        | Reached skill level 5 in Shields
    50 | D        | Reached XP level 2. HP: 27/27 MP: 2/2
    50 | D        | Reached XP level 3. HP: 33/33 MP: 3/3
    54 | D        | Killed a centaur
    54 | D        | Reached XP level 4. HP: 43/43 MP: 4/4
    55 | D        | Reached XP level 5. HP: 48/48 MP: 5/5
   129 | D        | Found a roughly hewn altar of Beogh.
   129 | D        | Found a snail-covered altar of Cheibriados.
   129 | D        | Found a shadowy altar of Dithmenos.
   129 | D        | Found a white marble altar of Elyvilon.
   129 | D        | Found a blossoming altar of Fedhas.
   129 | D        | Found an opulent altar of Gozag.
   129 | D        | Found a hazy altar of Hepliaklqana.
   130 | D        | Found a viscous altar of Jiyva.
   131 | D        | Found an ancient bone altar of Kikubaaqudgha.
   132 | D        | Found a corrupted altar of Lugonu.
   133 | D        | Became a worshipper of Cheibriados the Contemplative
   134 | D        | Found a burning altar of Makhleb.
   135 | D        | Found a sparkling altar of Nemelex Xobeh.
   136 | D        | Found an iron altar of Okawaru.
   137 | D        | Found a stormy altar of Qazlal.
   138 | D        | Found a sacrificial altar of Ru.
   139 | D        | Found a shimmering blue altar of Sif Muna.
   140 | D        | Found a bloodstained altar of Trog.
   141 | D        | Found a hide-covered altar of Uskayaw.
   142 | D        | Found a radiant altar of Vehumet.
   143 | D        | Found an ornate altar of the Wu Jian Council.
   144 | D        | Found a shimmering altar of Xom.
   145 | D        | Found a basalt altar of Yredelemnul.
   146 | D        | Found a glowing silver altar of Zin.
   147 | D        | Found a glowing golden altar of the Shining One.
   202 | D        | Noticed a necrophage
   213 | D        | Reached * piety under Cheibriados
   213 | D        | Reached skill level 1 in Dodging
   216 | D        | Reached ** piety under Cheibriados
   220 | D        | Reached *** piety under Cheibriados
   223 | D        | Killed a necrophage
   223 | D        | Reached skill level 5 in Armour
   223 | D        | Reached XP level 6. HP: 50/57 MP: 6/6
   262 | D        | Noticed a centaur warrior
   262 | D        | Noticed a troll
   262 | D        | Noticed a wraith
   269 | D        | Killed a centaur warrior
   269 | D        | Reached skill level 10 in Fighting
   269 | D        | Reached skill level 10 in Long Blades
   269 | D        | Reached XP level 7. HP: 48/67 MP: 7/7
   269 | D        | Reached XP level 8. HP: 53/74 MP: 8/8
   270 | D        | Killed a troll
   270 | D        | Reached **** piety under Cheibriados
   270 | D        | Reached skill level 10 in Shields
   277 | D        | Killed a wraith
   281 | D        | Reached ***** piety under Cheibriados
   485 | D        | Got Jibba's Incunabulum of Enhancements
   498 | D        | Noticed a spiny frog
   498 | D        | Noticed a yak
   498 | D        | Noticed a blink frog
   498 | D        | Noticed a komodo dragon
   502 | D        | Killed a spiny frog
   505 | D        | Killed a blink frog
   505 | D        | Reached XP level 9. HP: 82/82 MP: 9/9
   506 | D        | Reached skill level 10 in Armour
   509 | D        | Reached ****** piety under Cheibriados
   520 | D        | Killed a komodo dragon
   648 | D        | Noticed a spiny frog
   648 | D        | Noticed a black mamba
   648 | D        | Noticed a rime drake
   654 | D        | Noticed an elephant
   659 | D        | Killed a spiny frog
   659 | D        | Reached skill level 1 in Invocations
   686 | D        | Reached skill level 10 in Dodging
   686 | D        | Reached XP level 10. HP: 56/92 MP: 11/11
   688 | D        | Killed a black mamba
   699 | D        | Killed an elephant
   840 | D        | Noticed a death yak
   840 | D        | Noticed a death yak
   840 | D        | Noticed a catoblepas
   840 | D        | Noticed a death yak
   847 | D        | Killed a death yak
   862 | D        | Killed a death yak
   921 | D        | Killed a catoblepas
   921 | D        | Reached skill level 5 in Invocations
   936 | D        | Killed a death yak
   936 | D        | Reached XP level 11. HP: 32/100 MP: 13/15
  1325 | D        | Noticed a stone giant
  1344 | D        | Killed a stone giant
  1727 | D        | Found Fekuysk's Armour Emporium.
  1727 | D        | Noticed an orc sorcerer
  1729 | D        | Found Futul's Food Shoppe.
  1729 | D        | Noticed an orc sorcerer
  1732 | D        | Noticed an orc sorcerer
  1737 | D        | Killed an orc sorcerer
  1737 | D        | Reached skill level 15 in Fighting
  1751 | D        | Found Nesias's Food Emporium.
  1789 | D        | Paralysed by an orc sorcerer for 3 turns
  1794 | D        | HP: 3/102 [orc sorcerer/bolt of fire (33)]
  1800 | D        | Killed an orc sorcerer
  1803 | D        | Killed an orc sorcerer
  1803 | D        | Reached skill level 15 in Long Blades
  2131 | D        | Found Zissiutz's Antique Weapon Shoppe.
  2133 | D        | Noticed an orc sorcerer
  2134 | D        | Noticed an orc sorcerer
  2144 | D        | Noticed an orc sorcerer
  2145 | D        | Killed an orc sorcerer
  2155 | D        | Killed an orc sorcerer
  2160 | D        | Killed an orc sorcerer
  2194 | D        | Bought a ration for 55 gold pieces
  2194 | D        | Bought a ration for 55 gold pieces
  2194 | D        | Bought a ration for 55 gold pieces
  2194 | D        | Bought a ration for 55 gold pieces
  2194 | D        | Bought a ration for 55 gold pieces
  2194 | D        | Bought a ration for 55 gold pieces
  2194 | D        | Bought a ration for 55 gold pieces
  2194 | D        | Bought a ration for 55 gold pieces
  2194 | D        | Bought a ration for 55 gold pieces
  2194 | D        | Bought a ration for 55 gold pieces
  2194 | D        | Bought a ration for 55 gold pieces
  2194 | D        | Bought a ration for 55 gold pieces
  2194 | D        | Bought a ration for 55 gold pieces
  2194 | D        | Bought a ration for 55 gold pieces
  2196 | D        | Bought a ration for 70 gold pieces
  2196 | D        | Bought a ration for 70 gold pieces
  2196 | D        | Bought a ration for 70 gold pieces
  2196 | D        | Bought a ration for 70 gold pieces
  2196 | D        | Bought a ration for 70 gold pieces
  2196 | D        | Bought a ration for 70 gold pieces
  2196 | D        | Bought a ration for 70 gold pieces
  2196 | D        | Bought a ration for 70 gold pieces
  2196 | D        | Bought a ration for 70 gold pieces
  2196 | D        | Bought a ration for 70 gold pieces
  2196 | D        | Bought a ration for 70 gold pieces
  2196 | D        | Bought a ration for 70 gold pieces
  2196 | D        | Bought a ration for 70 gold pieces
  2196 | D        | Bought a ration for 70 gold pieces
  2196 | D        | Bought a ration for 70 gold pieces
  2196 | D        | Bought a ration for 70 gold pieces
  2416 | D        | Noticed a death knight
  2422 | D        | Noticed a centaur warrior
  2422 | D        | Noticed a deep troll shaman
  2431 | D        | Killed a death knight
  2431 | D        | Reached XP level 12. HP: 45/110 MP: 11/18
  2431 | D        | Killed a centaur warrior
  2432 | D        | Noticed an ice dragon
  2437 | D        | Killed a deep troll shaman
  2438 | D        | Noticed a rakshasa
  2440 | D        | Noticed a yaktaur captain
  2441 | D        | Noticed a centaur warrior
  2444 | D        | Killed from afar by an ice dragon

Illustrated notes

Levels and vault maps discovered:
D:        linesprint [early_d, line_temple, items_1, d_10, items_2, lair_1,
          lair_end, items_3, orc_1, orc_end, items_4, d_15, swamp_1, shoals_1,
          snake_1, spider_1, d_20, vaults_1, items_5, swamp_end, shoals_end,
          snake_end, spider_end, vaults_end, d_27, items_6, zot_1, zot_end,
          crypt_end, forest_end, elf_end, slime_end, tomb_end, abyss_end,
          pan_hell_end]

Skill      XL: |  1  2  3  4  5  6  7  8  9 10 11 12 |
---------------+-------------------------------------+-----
Fighting       | 5 7 8 10 11 13 14 15 | 15.9
Long Blades    | 4 6 8 10 11 12 14 15 | 15.7
Shields        | 5 6 8 9 10 12 13 14 | 14.8
Dodging        | 3 6 8 10 11 12 13 | 13.2
Armour         | 5 8 9 11 12 14 | 14.8
Invocations    | 2 5 8 |  8.6

Action                   |  1- 3 |  4- 6 |  7- 9 | 10-12 || total
-------------------------+-------+-------+-------+-------++-------
Melee: Long sword        |    27 |    10 |       |       ||    37
       Scimitar          |       |    27 |    59 |   228 ||   314
Invok: Slouch            |       |       |       |     3 ||     3
 Abil: Hop               |       |       |       |     1 ||     1
  Use: Potion            |     1 |       |       |    13 ||    14
       Scroll            |       |       |       |     2 ||     2
 Stab: Petrified         |       |       |       |     1 ||     1
  Eat: Chunk             |       |       |       |     2 ||     2
Armor: Scale mail        |    12 |     4 |       |       ||    16
       Chain mail        |       |    12 |    23 |    33 ||    68
       Plate armour      |       |       |       |    19 ||    19
       Storm dragon scal |       |       |       |     1 ||     1
Dodge: Dodged            |     6 |     4 |    19 |    62 ||    91
Block: Kite shield       |    12 |    11 |    34 |   109 ||   166
       Tower shield      |       |       |       |    28 ||    28
       Rpst.: Long sword |     3 |       |       |       ||     3
       Scimitar          |       |     1 |     2 |    13 ||    16
